[Event "fics rated crazyhouse match"]
[Site "fics, Oklahoma City, OK USA"]
[Date "2000.10.06"]
[White "Fudpucker"]
[WhiteElo "2146"]
[Black "pminear"]
[BlackElo "2452"]
[TimeControl "60+0"]
[Result "0-1"]

1. e4 e5 2. Nf3 Nc6 3. Be2 Nf6 4. Nc3 d5 5. exd5 Nxd5 6. d3 
Nxc3 7. bxc3 P@g4 8. Ng5 N@h4 9. Rg1 Be7 10. Ne4 Nxg2+ 11. Rxg2 P@f3 
12. Bxf3 gxf3 13. Qxf3 B@g6 14. P@h5 Bxe4 15. dxe4 N@h4 16. Qg3 Nxg2+ 17. Qxg2 
R@g4 18. P@g3 Bg5 19. B@f3 Bxc1 20. P@d5 Bb2 21. Rd1 Bxc3+ 22. Kf1 Rxe4 
23. Bxe4 B@h3 24. N@f5 Bcxf5 25. Bxf5 Bxg2+ 26. Kxg2 P@f3+ 27. Kxf3 N@d4+ 28. Rxd4 
Nxd4+ 29. Kg2 Q@f3+ 30. Kh3 Qxf5+ 31. g4 B@f1+ 32. B@g2 Bxg2+ 33. Kxg2 Qxg4+ 
34. R@g3 B@f3+ 35. Kf1 R@h1+ 36. B@g1 P@e2# 
{Fudpucker checkmated} 0-1

[Event "fics rated crazyhouse match"]
[Site "fics, Oklahoma City, OK USA"]
[Date "2000.10.06"]
[White "pminear"]
[WhiteElo "2454"]
[Black "Fudpucker"]
[BlackElo "2144"]
[TimeControl "60+0"]
[Result "1-0"]

1. e4 Nf6 2. Nc3 d5 3. exd5 Nxd5 4. d4 Nc6 5. Nf3 e6 6. Bd3 
Bb4 7. Bd2 Bxc3 8. bxc3 N@f4 9. Rg1 Nxd3+ 10. cxd3 P@g6 11. N@e5 O-O 
12. P@h6 gxh6 13. Bxh6 Nxc3 14. Bxf8 Qxf8 15. Nxc6 bxc6 16. N@f6+ Kh8 17. B@b4 
Nxd1 18. Bxf8 N@c2+ 19. Kxd1 B@e2+ 20. Kxe2 Nxd4+ 21. Nxd4 
{Fudpucker resigns} 1-0

[Event "fics rated crazyhouse match"]
[Site "fics, Oklahoma City, OK USA"]
[Date "2000.10.06"]
[White "Fudpucker"]
[WhiteElo "2142"]
[Black "pminear"]
[BlackElo "2456"]
[TimeControl "60+0"]
[Result "0-1"]

1. e4 e5 2. Nf3 Nc6 3. Be2 Bc5 4. O-O Nf6 5. d3 O-O 6. Nc3 
Be7 7. Bg5 d6 8. Bxf6 Bxf6 9. Nd5 B@g4 10. c3 Bce6 11. Nxf6+ Qxf6 
12. N@d5 Bxd5 13. exd5 N@f4 14. B@g5 Nxe2+ 15. Qxe2 Qxf3 16. gxf3 N@h3+ 17. Kh1 
Bxf3+ 18. Qxf3 Nxg5 19. B@f6 B@h6 20. N@g4 gxf6 21. Nxh6+ Kh8 22. Qxf6+ P@g7 
23. Qxg7+ Kxg7 24. P@f6+ Kxf6 25. Ng4+ Kg6 26. Q@f6+ Kh5 27. B@g2 Q@g6 28. Qxg6+ 
fxg6 29. Q@h6+ Kxg4 30. f3+ Kf4 31. B@g4 Ke3 
{Fudpucker forfeits on time} 0-1

[Event "fics rated crazyhouse match"]
[Site "fics, Oklahoma City, OK USA"]
[Date "2000.10.06"]
[White "pminear"]
[WhiteElo "2458"]
[Black "Fudpucker"]
[BlackElo "2140"]
[TimeControl "60+0"]
[Result "1-0"]

1. e4 d5 2. exd5 Qxd5 3. Nc3 Qd8 4. d4 Nf6 5. Nf3 Nc6 6. d5 
Nb4 7. Bc4 Bg4 8. P@e6 Nbxd5 9. exf7+ Kxf7 10. Ne5+ Ke6 11. Nxg4 P@c6 
12. Nxd5 cxd5 13. Nxf6 dxc4 14. N@f4+ Kxf6 15. Qxd8 Rxd8 16. Q@e6+ Kg5 17. h4# 
{Fudpucker checkmated} 1-0

[Event "fics rated crazyhouse match"]
[Site "fics, Oklahoma City, OK USA"]
[Date "2000.10.06"]
[White "Fudpucker"]
[WhiteElo "2138"]
[Black "pminear"]
[BlackElo "2460"]
[TimeControl "60+0"]
[Result "0-1"]

1. e4 e5 2. Nf3 Nc6 3. Be2 Nf6 4. Nc3 d5 5. exd5 Nxd5 6. d3 
Bb4 7. Bd2 Bxc3 8. bxc3 N@f4 9. O-O P@h3 10. gxh3 Bxh3 11. Re1 P@g4 
12. Ng5 Qxg5 13. B@g3 Nxe2+ 14. Qxe2 N@f3+ 15. Qxf3 gxf3 16. N@e3 Nxe3 
{Fudpucker resigns} 0-1

[Event "fics rated crazyhouse match"]
[Site "fics, Oklahoma City, OK USA"]
[Date "2000.10.06"]
[White "pminear"]
[WhiteElo "2462"]
[Black "Fudpucker"]
[BlackElo "2136"]
[TimeControl "60+0"]
[Result "1-0"]

1. e4 e6 2. Nc3 Nc6 3. d4 d6 4. Nf3 Nf6 5. d5 exd5 6. exd5 
Nb4 7. Be2 Bg4 8. O-O Be7 9. Nd4 Bxe2 10. Qxe2 Nbxd5 11. Nxd5 Nxd5 
12. P@e6 O-O 13. exf7+ Kh8 14. Ne6 Rxf7 15. Nxd8 Rxd8 16. B@e6 N@f4 17. Bxf4 
Nxf4 18. Qg4 N@e2+ 19. Kh1 Nxe6 20. Qxe6 B@d7 21. Qxf7 P@h3 22. Qxg7+ Kxg7 
23. N@h5+ Kh6 24. Q@g7+ Kxh5 25. R@h6# 
{Fudpucker checkmated} 1-0

[Event "fics rated crazyhouse match"]
[Site "fics, Oklahoma City, OK USA"]
[Date "2000.10.06"]
[White "Fudpucker"]
[WhiteElo "2134"]
[Black "pminear"]
[BlackElo "2464"]
[TimeControl "60+0"]
[Result "0-1"]

1. e4 e5 2. Nf3 Nc6 3. Be2 Nf6 4. d3 d5 5. Bg5 dxe4 6. Bxf6 
gxf6 7. dxe4 Bg4 8. h3 Qxd1+ 9. Bxd1 Bxf3 10. Bxf3 Rd8 11. O-O N@f4 
12. N@f5 Rg8 13. P@g3 P@e2 14. Re1 Q@d1 15. Na3 Qxa1 16. Rxa1 R@d1+ 17. Q@e1 
Rxa1 18. Qxa1 R@f1+ 19. Qxf1 exf1=Q+ 20. Kxf1 Bxa3 21. B@b5 Q@h1+ 22. R@g1 N@d2+ 
23. Ke1 Qxg1+ 24. R@f1 Nxf3+ 25. gxf3 R@d1# 
{Fudpucker checkmated} 0-1

[Event "fics rated crazyhouse match"]
[Site "fics, Oklahoma City, OK USA"]
[Date "2000.10.06"]
[White "pminear"]
[WhiteElo "2466"]
[Black "Fudpucker"]
[BlackElo "2132"]
[TimeControl "60+0"]
[Result "1-0"]

1. e4 e6 2. Nc3 Nc6 3. d4 d6 4. Nf3 Nf6 5. d5 exd5 6. exd5 
Nb4 7. a3 Nbxd5 8. Nxd5 Nxd5 9. Qxd5 P@e6 10. Qd1 Be7 11. N@h5 O-O 
12. P@h6 P@g6 13. hxg7 gxh5 14. gxf8=Q+ Qxf8 15. N@h6+ Kh8 16. R@g8+ Qxg8 17. Nxg8 
Kxg8 18. Q@e8+ R@f8 19. Qxe7 N@g6 20. Qxf8+ Kxf8 21. B@f6 P@e7 22. R@d8+ N@e8 
23. P@g7+ Kg8 24. Rxe8+ N@f8 25. N@h6# 
{Fudpucker checkmated} 1-0

[Event "fics rated crazyhouse match"]
[Site "fics, Oklahoma City, OK USA"]
[Date "2000.10.06"]
[White "Fudpucker"]
[WhiteElo "2130"]
[Black "pminear"]
[BlackElo "2468"]
[TimeControl "60+0"]
[Result "0-1"]

1. e4 e5 2. Nf3 Nc6 3. Be2 Nf6 4. Nc3 d5 5. exd5 Nxd5 6. O-O 
Nf4 7. d4 P@h3 8. Bxf4 hxg2 9. dxe5 Qxd1 10. Kxg2 P@h3+ 11. Kg3 Q@g4# 
{Fudpucker checkmated} 0-1

[Event "fics rated crazyhouse match"]
[Site "fics, Oklahoma City, OK USA"]
[Date "2000.10.06"]
[White "pminear"]
[WhiteElo "2470"]
[Black "Fudpucker"]
[BlackElo "2128"]
[TimeControl "60+0"]
[Result "1-0"]

1. e4 Nf6 2. Nc3 d5 3. exd5 Nxd5 4. d4 Nc6 5. Nf3 Bg4 6. Bb5 
e6 7. Bxc6+ bxc6 8. N@e5 P@b7 9. Nxg4 Bb4 10. Bd2 Bxc3 11. bxc3 B@h5 
12. Nge5 f6 13. B@d7+ Qxd7 14. Nxd7 Kxd7 15. Ne5+ fxe5 16. Qxh5 exd4 17. Qxd5+ 
cxd5 18. B@b5# 
{Fudpucker resigns} 1-0

[Event "fics rated crazyhouse match"]
[Site "fics, Oklahoma City, OK USA"]
[Date "2000.10.06"]
[White "LSS"]
[WhiteElo "2393"]
[Black "spurs"]
[BlackElo "2247"]
[TimeControl "120+0"]
[Result "0-1"]

1. e4 e6 2. Nc3 d5 3. exd5 exd5 4. d4 Bb4 5. Bb5+ Bd7 6. Qe2+ 
Qe7 7. Bxd7+ Nxd7 8. Bg5 P@f6 9. Bf4 Bxc3+ 10. bxc3 B@b2 11. B@b4 c5 
12. B@d6 Qxe2+ 13. Nxe2 Bxa1 14. O-O Q@e4 15. Ng3 N@h3+ 16. gxh3 R@g2+ 17. Kh1 
Rxg3+ 18. f3 Rxf3 19. N@c7+ Kd8 20. Q@e8+ Qxe8 21. Rxf3 P@g2+ 22. Kxg2 N@e1+ 
23. Kg3 Q@g2+ 24. Kh4 g5+ 25. Kh5 Qxf3+ 26. R@g4 R@h6# 
{LSS checkmated} 0-1

[Event "fics rated crazyhouse match"]
[Site "fics, Oklahoma City, OK USA"]
[Date "2000.10.06"]
[White "spurs"]
[WhiteElo "2258"]
[Black "LSS"]
[BlackElo "2382"]
[TimeControl "120+0"]
[Result "1-0"]

1. d4 e6 2. Nf3 d5 3. Bg5 Be7 4. Bxe7 Nxe7 5. e3 Nbc6 6. Nc3 
Ng6 7. Bb5 Bd7 8. Bxc6 bxc6 9. N@h5 Rg8 10. B@e5 f6 11. Bg3 B@g4 
12. Nf4 Nxf4 13. Bxf4 B@h5 14. N@d2 Rb8 15. Rb1 g5 16. Bg3 Bc8 17. Rg1 
Ba6 18. Nb3 Bxf3 19. gxf3 N@h3 20. Rh1 N@f5 21. B@g2 g4 22. Bxh3 gxh3 
23. Nc5 B@c8 24. Nxa6 Bxa6 25. B@e2 Bxe2 26. Qxe2 Nxg3 27. hxg3 B@g2 28. N@h6 
Rf8 29. B@g4 Bxg4 30. fxg4 Bxh1 31. N@g7+ Kd7 32. Nxe6 Kxe6 33. B@f5+ Ke7 
34. e4 N@g2+ 35. Kd1 R@g1+ 36. Kd2 N@c4+ 37. Kd3 Nxb2+ 38. Rxb2 B@c4+ 39. Kd2 
Bxe2 40. N@g8+ Rxg8 41. Nxg8+ Qxg8 42. R@d7+ Ke8 43. Rxb8# 
{LSS resigns} 1-0

[Event "fics rated crazyhouse match"]
[Site "fics, Oklahoma City, OK USA"]
[Date "2000.10.09"]
[White "liveZ"]
[WhiteElo "2474"]
[Black "MyPartner"]
[BlackElo "2342"]
[TimeControl "180+0"]
[Result "1-0"]

1. e4 Nf6 2. e5 Nd5 3. Nc3 e6 4. Nf3 d6 5. exd6 Bxd6 6. Nxd5 
exd5 7. d4 P@e4 8. Ne5 Bxe5 9. dxe5 Nc6 10. Bb5 N@h4 11. B@f1 N@f3+ 
12. gxf3 Nxf3+ 13. Qxf3 exf3 14. P@g2 Q@e4+ 15. N@e3 P@e2 16. Bfxe2 fxe2 17. Bxe2 
Nxe5 18. P@f3 Qd4 19. P@c3 Qc5 20. N@f5 Qf8 21. Nd4 P@c5 22. Ndf5 Bxf5 
23. Nxf5 N@c4 24. N@h5 Rg8 25. B@g5 f6 26. Nhxg7+ Rxg7 27. Nxg7+ Qxg7 28. Bh6 
Qxg2 29. R@g8# 
{MyPartner forfeits on time} 1-0

[Event "fics rated crazyhouse match"]
[Site "fics, Oklahoma City, OK USA"]
[Date "2000.10.09"]
[White "liveZ"]
[WhiteElo "2485"]
[Black "MyPartner"]
[BlackElo "2337"]
[TimeControl "180+0"]
[Result "0-1"]

1. e4 Nf6 2. Nc3 d5 3. exd5 Nxd5 4. Nxd5 Qxd5 5. Nf3 Bg4 6. Be2 
e5 7. N@e3 Qe4 8. d3 Qb4+ 9. P@c3 Bxf3 10. Bxf3 Qb5 11. B@c4 Qb6 
12. Nd5 Qd6 13. Bg5 h6 14. Bh4 N@f5 15. Bg3 P@c6 16. Ne3 Nxe3 17. fxe3 
N@d5 18. Qe2 N@b6 19. Bb3 N8d7 20. O-O Nc5 21. N@c4 Nxc4 22. Bxc4 N@g5 
23. N@b5 cxb5 24. Bfxd5 bxc4 25. Bxc4 N@d5 26. Bxd5 Qxd5 27. e4 Ncxe4 28. dxe4 
Nxe4 29. N@e3 Nxg3 30. hxg3 Qd7 31. Rad1 P@d6 32. Nd5 B@c5+ 33. P@d4 P@h2+ 
34. Kh1 B@g4 35. N@f3 Bxf3 36. gxf3 B@a6 37. B@d3 Bxd3 38. cxd3 N@g1 39. Rxg1 
hxg1=Q+ 40. Rxg1 R@h3+ 41. P@h2 Bxd4 42. cxd4 P@f6 43. B@g4 B@e6 44. Bxe6 fxe6 
45. Ne3 exd4 46. Nf5 P@f2 47. Rf1 Rxh2+ 48. Kxh2 B@e5 49. B@h5+ g6 50. Bxg6+ 
P@f7 51. Nxd4 Bxd4 52. B@h3 N@g1 53. Bxf7+ Qxf7 54. Bxe6 Qh5+ 55. N@h4 Nxe2 
56. P@d7+ Ke7 57. R@e8+ Rxe8 58. dxe8=Q+ Qxe8 59. N@f5+ Kxe6 60. Nxd4+ Nxd4 61. N@f4+ 
Kd7 62. B@f5+ Nxf5 63. Nxf5 P@e2 64. Nxe2 Qxe2 65. N@b8+ Ke8 66. P@d7+ Kf7 
67. d8=N+ Kg8 68. P@f7+ Kh7 69. P@g6+ Kxg6 70. Nh4+ Kg7 71. R@g6+ Kh7 72. Rg8 
Rxg8 73. fxg8=Q+ Kxg8 74. P@f7+ Kh7 75. R@g8 Q@g1# 
{liveZ forfeits on time} 0-1

[Event "fics rated crazyhouse match"]
[Site "fics, Oklahoma City, OK USA"]
[Date "2000.10.09"]
[White "liveZ"]
[WhiteElo "2462"]
[Black "valdushka"]
[BlackElo "2271"]
[TimeControl "60+0"]
[Result "0-1"]

1. e3 d5 2. d4 Bf5 3. Nf3 e6 4. Bd3 Nf6 5. Bxf5 Be7 6. Ne5 
exf5 7. Nc3 B@e6 8. Bd2 Nbd7 9. Nxd7 Qxd7 10. N@e5 Qd8 11. B@c5 Bxc5 
12. dxc5 N@d7 13. Nxd7 Qxd7 14. B@h4 B@e7 15. N@e5 Qd8 16. Bc1 Ne4 17. Nxe4 
Bxh4 18. Ng3 Bxg3 19. hxg3 B@f6 20. B@c3 N@d7 21. Nxd7 Bxc3+ 22. bxc3 Qxd7 
23. N@h5 B@f8 24. B@e5 N@e4 25. Bxg7 Bxg7 26. Nxg7+ Kd8 27. Nxe6+ fxe6 28. P@d3 
Nxc3 29. B@f6+ P@e7 30. Bxc3 B@f6 31. Bxf6 exf6 32. B@b2 B@g7 33. N@h5 N@e8 
34. Nxg7 Qxg7 35. N@h5 Qd7 36. B@h4 N@g4 37. Nxf6 Nexf6 38. Bhxf6+ Nxf6 39. Bxf6+ 
B@e7 40. N@f7+ Kc8 41. Nxh8 Bxf6 42. R@f8+ B@d8 43. Nf7 N@c6 44. Nxd8 Nxd8 
45. B@h4 N@c6 46. Bxf6 b6 47. B@a6+ Kb8 
{liveZ forfeits on time} 0-1

[Event "fics rated crazyhouse match"]
[Site "fics, Oklahoma City, OK USA"]
[Date "2000.10.09"]
[White "valdushka"]
[WhiteElo "2283"]
[Black "liveZ"]
[BlackElo "2438"]
[TimeControl "60+0"]
[Result "0-1"]

1. e4 e6 2. Nc3 Nc6 3. d4 Nf6 4. Nf3 Bb4 5. e5 Ne4 6. Qd3 
d5 7. exd6 Nxd6 8. Bg5 P@e4 9. Bxd8 exd3 10. Bxd3 Nxd8 11. O-O B@g4 
12. Be2 Bxc3 13. bxc3 N@f4 14. Q@g3 Nxe2+ 15. Kh1 Nxg3+ 16. fxg3 B@e2 17. B@h4 
Bexf3 18. gxf3 N@e3 19. B@g2 Nxg2 20. P@e7 Nc6 21. fxg4 B@d5 22. B@f3 Bxf3 
23. Rxf3 Nxh4 24. gxh4 B@d5 25. B@g2 B@e4 26. P@e2 Bxf3 27. exf3 R@d2 28. B@g3 
Rxg2 29. Kxg2 Q@e2+ 30. R@f2 Bxf3+ 31. Kg1 Q@g2# 
{valdushka resigns} 0-1

[Event "fics rated crazyhouse match"]
[Site "fics, Oklahoma City, OK USA"]
[Date "2000.10.09"]
[White "liveZ"]
[WhiteElo "2447"]
[Black "valdushka"]
[BlackElo "2278"]
[TimeControl "60+0"]
[Result "1-0"]

1. e4 Nc6 2. d4 d5 3. e5 e6 4. Nf3 Nge7 5. Bg5 Qd7 6. Bb5 
Nf5 7. Nc3 Be7 8. Bxe7 Qxe7 9. Bxc6+ bxc6 10. N@h5 f6 11. exf6 gxf6 
12. P@e5 fxe5 13. dxe5 P@g7 14. P@f6 gxf6 15. exf6 Qf7 16. P@g4 B@g6 17. Ne5 
Bxh5 18. Nxf7 Bxf7 19. gxf5 B@b4 20. B@e7 Bxe7 21. fxe7 Kxe7 22. B@h4+ P@f6 
23. Bxf6+ Kxf6 24. N@g4+ Ke7 25. f6+ Kd6 26. Ne4# 
{valdushka resigns} 1-0

[Event "fics rated crazyhouse match"]
[Site "fics, Oklahoma City, OK USA"]
[Date "2000.10.09"]
[White "valdushka"]
[WhiteElo "2274"]
[Black "liveZ"]
[BlackElo "2455"]
[TimeControl "60+0"]
[Result "0-1"]

1. e4 e6 2. Nc3 Nc6 3. d4 Nf6 4. Nf3 Bb4 5. Be2 Nxe4 6. O-O 
Bxc3 7. bxc3 Nxc3 8. Qd3 Nxe2+ 9. Qxe2 B@h5 10. B@g3 d5 11. Be3 P@e4 
12. N@g5 exf3 13. Nxf3 P@e4 14. Bg5 exf3 15. gxf3 N@h3+ 16. Kh1 Nxg5 17. P@g2 
B@h3 18. gxh3 Bxf3+ 19. P@g2 Bxe2 20. Rfe1 P@f3 21. B@f1 Bxf1 
{valdushka resigns} 0-1

[Event "fics rated crazyhouse match"]
[Site "fics, Oklahoma City, OK USA"]
[Date "2000.10.09"]
[White "liveZ"]
[WhiteElo "2463"]
[Black "valdushka"]
[BlackElo "2270"]
[TimeControl "60+0"]
[Result "1-0"]

1. e4 d5 2. exd5 e6 3. dxe6 Bxe6 4. Nf3 Nc6 5. d4 Nf6 6. Bb5 
Be7 7. Ne5 Bd5 8. P@f3 P@d6 9. P@d7+ Nxd7 10. Nxd7 Qxd7 11. Nc3 P@e6 
12. Nxd5 exd5 13. B@g4 N@e6 14. N@f5 Bf6 15. O-O N@g5 16. Bxg5 Bxg5 17. N@h5 
B@f6 18. Nfxg7+ Bxg7 19. Nxg7+ Kd8 20. Nxe6+ fxe6 21. P@g7 Rg8 22. Re1 N@f4 
23. B@e3 N@g6 24. Bxf4 Nxf4 25. N@f5 exf5 26. Bxc6 bxc6 27. Bxf5 B@e6 28. P@g4 
Bxf5 29. gxf5 N@h3+ 30. Kf1 B@a6+ 31. B@d3 Bxd3+ 32. cxd3 B@f7 33. B@a6 B@c8 
34. N@b7+ Bxb7 35. Bxb7 Rb8 36. Bxc6 Qxc6 37. N@a5 Qd7 38. P@c6 B@e2+ 39. Rxe2 
N@d2+ 40. Rxd2 Nxf2 41. B@f6+ Bxf6 42. N@b7+ Rxb7 43. B@e7+ Bxe7 44. Nxb7+ Ke8 
45. R@b8+ N@c8 46. cxd7# 
{valdushka forfeits on time} 1-0

[Event "fics rated crazyhouse match"]
[Site "fics, Oklahoma City, OK USA"]
[Date "2000.10.09"]
[White "Fudpucker"]
[WhiteElo "2141"]
[Black "liveZ"]
[BlackElo "2470"]
[TimeControl "60+0"]
[Result "1-0"]

1. e4 e6 2. d4 Nc6 3. Nf3 Nf6 4. Bd3 d6 5. O-O e5 6. d5 
Nd4 7. Nxd4 exd4 8. c3 dxc3 9. bxc3 Bg4 10. f3 Bh5 11. P@e6 N@h4 
12. exf7+ Bxf7 13. P@e6 Bh5 14. Bg5 Nxg2 15. Kxg2 Be7 16. N@f5 Rg8 17. Nxe7 
Qxe7 18. N@f5 Qf8 19. Qa4+ P@c6 20. dxc6 O-O-O 21. cxb7+ Kb8 22. Bxf6 gxf6+ 
23. P@g3 P@h3+ 24. Kf2 B@c6 25. Qxc6 P@e3+ 26. Nxe3 a6 27. Qxa6 N@b6 28. N@c6# 
{liveZ checkmated} 1-0

[Event "fics rated crazyhouse match"]
[Site "fics, Oklahoma City, OK USA"]
[Date "2000.10.09"]
[White "liveZ"]
[WhiteElo "2446"]
[Black "Fudpucker"]
[BlackElo "2155"]
[TimeControl "60+0"]
[Result "1-0"]

1. e4 e6 2. d4 Nc6 3. Nf3 Nf6 4. Bg5 Be7 5. Nc3 O-O 6. Bxf6 
Bxf6 7. e5 Be7 8. h4 B@h5 9. Be2 d6 10. N@g5 dxe5 11. dxe5 Bd7 
12. Nce4 f6 13. exf6 Bxf6 14. P@f7+ Rxf7 15. Nxf7 Bxf7 16. P@e5 Nxe5 17. Nxf6+ 
gxf6 18. Nxe5 fxe5 19. B@g5 P@f6 20. N@h6+ Kg7 21. Nxf7 Kxf7 22. B@h5+ P@g6 
23. Bxf6 Qxf6 24. P@g5 P@e7 25. gxf6 exf6 26. Qxd7+ P@e7 27. Bxg6+ hxg6 28. R@h7+ 
B@g7 29. h5 B@f5 30. B@d3 N@f4 31. hxg6+ Bxg6 32. Bxg6+ Nxg6 33. Rxg7+ Kxg7 
34. B@h6+ Kf7 35. Q@g7# 
{Fudpucker checkmated} 1-0

[Event "fics rated crazyhouse match"]
[Site "fics, Oklahoma City, OK USA"]
[Date "2000.10.09"]
[White "Fudpucker"]
[WhiteElo "2152"]
[Black "liveZ"]
[BlackElo "2450"]
[TimeControl "60+0"]
[Result "0-1"]

1. e4 e6 2. d4 Nc6 3. Nf3 d5 4. exd5 exd5 5. Bb5 Bd7 6. Bxc6 
bxc6 7. Ne5 Bd6 8. Nxd7 Qxd7 9. P@c5 Qe7+ 10. B@e2 Bxc5 11. dxc5 Qxc5 
12. B@d4 Qf8 13. Bf4 P@d6 14. Bxd6 Qxd6 15. Bxg7 B@f6 16. Bxf6 Nxf6 17. N@g7+ 
Kd8 18. Nf5 Qe5 19. B@e7+ Ke8 20. P@g7 Rg8 21. Bxf6 Qxf6 22. P@g4 Rxg7 
23. N@h5 Qxf5 24. gxf5 Rxg2 25. Nf6+ Kf8 26. Q@h6+ Ke7 27. Nxh7 B@g6 28. fxg6 
Rxf2 
{Fudpucker forfeits on time} 0-1

[Event "fics rated crazyhouse match"]
[Site "fics, Oklahoma City, OK USA"]
[Date "2000.10.09"]
[White "liveZ"]
[WhiteElo "2454"]
[Black "Fudpucker"]
[BlackElo "2149"]
[TimeControl "60+0"]
[Result "1-0"]

1. e4 e6 2. d4 Nc6 3. Nf3 Nf6 4. Bg5 Be7 5. Nc3 O-O 6. Bb5 
d6 7. e5 Nd5 8. Bxe7 Qxe7 9. Nxd5 exd5 10. Bxc6 bxc6 11. B@h4 f6 
12. N@h5 dxe5 13. dxe5 P@g5 14. P@h6 gxh6 15. Bxg5 fxg5 16. N@f6+ Kf7 17. P@g7 
Rd8 18. Nxh7 Bg4 19. Nfxg5+ hxg5 20. Qxg4 P@d2+ 21. Kd1 Qxe5 22. P@e6+ Ke7 
23. B@f8+ Ke8 24. P@f7# 
{Fudpucker checkmated} 1-0

[Event "fics rated crazyhouse match"]
[Site "fics, Oklahoma City, OK USA"]
[Date "2000.10.09"]
[White "Fudpucker"]
[WhiteElo "2147"]
[Black "liveZ"]
[BlackElo "2458"]
[TimeControl "60+0"]
[Result "0-1"]

1. e4 e6 2. d4 d5 3. exd5 exd5 4. Nf3 Bg4 5. Be2 Nf6 6. h3 
Bxf3 7. Bxf3 P@e4 8. Be2 N@h4 9. B@f1 Bb4+ 10. c3 Be7 11. Bg5 Ng6 
12. P@e5 Nfd7 13. Bxe7 Qxe7 14. Bb5 Nc6 15. Bxc6 bxc6 16. Be2 Ndxe5 17. dxe5 
Nxe5 18. B@d4 P@f3 19. gxf3 exf3 20. N@f5 fxe2 21. Qxe2 Nf3+ 22. Kf1 P@g2+ 
23. Kxg2 Qxe2 24. Nxg7+ Kd7 25. N@c5+ Kd8 26. P@e7+ Qxe7 27. P@f6 Nh4+ 28. Kg3 
B@f4+ 29. Kxf4 P@g5# 
{Fudpucker forfeits on time} 0-1

[Event "fics rated crazyhouse match"]
[Site "fics, Oklahoma City, OK USA"]
[Date "2000.10.09"]
[White "liveZ"]
[WhiteElo "2462"]
[Black "Fudpucker"]
[BlackElo "2145"]
[TimeControl "60+0"]
[Result "0-1"]

1. e4 e6 2. d4 Nc6 3. Nf3 Nf6 4. Bg5 Be7 5. Nc3 d6 6. e5 
Nd5 7. Bxe7 Qxe7 8. Ne4 B@g6 9. B@h4 f6 10. exf6 gxf6 11. Nxf6+ Nxf6 
12. Bxf6 Qxf6 13. P@g5 Qf7 14. Bb5 Bd7 15. N@f6+ Kd8 16. Bxc6 Bxc6 17. N@h6 
Qe7 18. Ne5 Bxg2 19. Nxg6 hxg6 20. B@f3 N@h4 21. Bxg2 Nxg2+ 22. Kd2 B@a5+ 
23. B@c3 P@b4 24. P@e5 N@e4+ 25. Kc1 bxc3 26. bxc3 B@a3+ 27. P@b2 Bxb2+ 28. Kxb2 
Bxc3+ 29. Kb1 P@b2 30. exd6 bxa1=R# 
{liveZ checkmated} 0-1

[Event "fics rated crazyhouse match"]
[Site "fics, Oklahoma City, OK USA"]
[Date "2000.10.09"]
[White "Fudpucker"]
[WhiteElo "2159"]
[Black "liveZ"]
[BlackElo "2440"]
[TimeControl "60+0"]
[Result "0-1"]

1. e4 e6 2. d4 d5 3. exd5 exd5 4. Nf3 Bg4 5. Be2 Nf6 6. h3 
Bxf3 7. Bxf3 P@e4 8. Be2 N@h4 9. B@f1 Nf5 10. Nc3 Bb4 11. Bg5 Qe7 
12. P@e5 Nc6 13. g4 Nfxd4 14. exf6 gxf6 15. N@g7+ Kd8 16. Bxf6 Qxf6 17. Nh5 
Qe7 18. Bg2 P@a3 19. O-O axb2 20. Nxd5 P@h2+ 21. Kh1 P@f3 22. Bexf3 exf3 
23. Bxf3 bxa1=Q 24. Nxe7 Bxe7 25. Qxa1 Nxf3 26. Kg2 R@g1+ 27. Kxf3 h1=Q+ 28. Ke2 
Rxf1 29. Qxh8+ B@f8 
{Fudpucker forfeits on time} 0-1

[Event "fics rated crazyhouse match"]
[Site "fics, Oklahoma City, OK USA"]
[Date "2000.10.09"]
[White "liveZ"]
[WhiteElo "2444"]
[Black "Fudpucker"]
[BlackElo "2156"]
[TimeControl "60+0"]
[Result "1-0"]

1. e4 e6 2. d4 Nc6 3. Nf3 Nf6 4. Bg5 Be7 5. Nc3 d6 6. d5 
Nxd5 7. exd5 Bxg5 8. dxc6 bxc6 9. Bd3 B@g4 10. O-O O-O 11. h3 Bxf3 
12. Qxf3 d5 13. N@e5 P@e4 14. Bxe4 dxe4 15. Nxe4 B@d5 16. Nxg5 Qxg5 17. Qxd5 
exd5 18. B@g3 N@e2+ 19. Kh2 Nxg3 20. fxg3 P@h4 21. B@e1 N@e4 22. B@f4 hxg3+ 
23. Bexg3 Nxg3 24. Bxg5 Nxf1+ 25. Rxf1 P@g3+ 26. Kxg3 B@d6 27. N@h6+ gxh6 28. N@f6+ 
Kh8 29. P@g7+ Kxg7 30. N@h5+ Kh8 31. P@g7# 
{Fudpucker checkmated} 1-0

[Event "fics rated crazyhouse match"]
[Site "fics, Oklahoma City, OK USA"]
[Date "2000.10.09"]
[White "Fudpucker"]
[WhiteElo "2153"]
[Black "liveZ"]
[BlackElo "2448"]
[TimeControl "60+0"]
[Result "0-1"]

1. e4 e6 2. d4 Nc6 3. Nf3 Nf6 4. Bd3 Bb4+ 5. c3 Be7 6. O-O 
d5 7. e5 Ne4 8. Re1 Bd7 9. Rxe4 dxe4 10. Bxe4 R@g6 11. P@h5 Rg4 
12. h3 Rxe4 13. Nbd2 B@e2 14. Nxe4 Bxd1 15. Bg5 Bxf3 16. Bxe7 Bxg2 17. R@g3 
Q@h1# 
{Fudpucker checkmated} 0-1

[Event "fics rated crazyhouse match"]
[Site "fics, Oklahoma City, OK USA"]
[Date "2000.10.09"]
[White "liveZ"]
[WhiteElo "2452"]
[Black "Fudpucker"]
[BlackElo "2150"]
[TimeControl "60+0"]
[Result "1-0"]

1. e4 e6 2. d4 Nc6 3. Nf3 Nf6 4. Bg5 Be7 5. Nc3 d6 6. Be2 
O-O 7. O-O Bd7 8. e5 Nd5 9. Bxe7 Qxe7 10. Nxd5 exd5 11. B@h4 f6 
12. N@h5 dxe5 13. dxe5 Nxe5 14. Nxe5 Qxe5 15. P@d4 Qe6 16. N@f4 Qd6 17. Bg4 
P@f5 18. Bf3 P@e4 19. Be2 B@g4 20. Bxg4 fxg4 21. B@c5 B@f3 22. gxf3 Qxf4 
23. Nxf4 gxf3 24. Bxf8 Rxf8 25. R@g3 P@g2 26. Rxg7+ Kxg7 27. Nh5+ Kf7 28. Q@g7+ 
Ke8 29. Qxf8+ Kxf8 30. B@g7+ Ke7 31. Bhxf6+ Kd6 32. Bf8+ Kc6 33. P@b5+ Kb6 
34. Bc5+ Kxb5 35. a4+ Ka5 36. P@b4+ Ka6 37. b5# 
{Fudpucker forfeits on time} 1-0

[Event "fics rated crazyhouse match"]
[Site "fics, Oklahoma City, OK USA"]
[Date "2000.10.09"]
[White "Fudpucker"]
[WhiteElo "2148"]
[Black "liveZ"]
[BlackElo "2456"]
[TimeControl "60+0"]
[Result "0-1"]

1. e4 e6 2. d4 Nc6 3. Nf3 Nf6 4. Bd3 Bb4+ 5. c3 Be7 6. e5 
Nd5 7. O-O d6 8. Re1 dxe5 9. dxe5 Nxe5 10. Nxe5 P@f6 11. P@h6 fxe5 
12. hxg7 Rg8 13. Bxh7 Rxg7 14. Be4 P@h3 15. N@h5 hxg2 16. Nxg7+ Kf8 17. Bxg2 
Kxg7 18. P@h6+ Kh7 19. R@g7+ Kh8 20. P@h7 N@f6 21. Rxf7 N@h4 22. Bg5 Nxg2 
23. Bxf6+ Bxf6 24. P@g7+ Kxh7 25. N@f8+ Kg8 26. P@h7+ Kxf7 27. Qh5+ Ke7 28. g8=N+ 
Kd6 29. Nxf6 Ngf4 30. Ne4+ Kc6 
{Fudpucker forfeits on time} 0-1

[Event "fics rated crazyhouse match"]
[Site "fics, Oklahoma City, OK USA"]
[Date "2000.10.09"]
[White "liveZ"]
[WhiteElo "2459"]
[Black "Fudpucker"]
[BlackElo "2146"]
[TimeControl "60+0"]
[Result "1-0"]

1. e4 e6 2. d4 Nc6 3. Nf3 Nf6 4. Bg5 Be7 5. Nc3 O-O 6. Bd3 
d6 7. Bxf6 Bxf6 8. N@h5 Bxd4 9. Nxd4 Nxd4 10. Nxg7 Kxg7 11. h4 N@f4 
12. Qg4+ N@g6 13. B@g5 Nxg2+ 14. Qxg2 f6 15. N@h5+ Kg8 16. Bxf6 Rxf6 17. Nxf6+ 
Qxf6 18. P@g5 N@f3+ 19. Kd1 Nxg5 20. hxg5 B@f3+ 21. Kc1 Qg7 22. N@h6+ Kf8 
23. R@d8+ B@e8 24. P@f6 Qh8 25. Qxf3 Nxf3 26. B@e7+ Nxe7 27. fxe7+ Kxe7 28. Rxe8+ 
Kxe8 29. B@h5+ Kd7 30. Bxf3 P@a3 31. N@e5# 
{Fudpucker forfeits on time} 1-0